 Dungeon Crawl Stone Soup version 0.19-a0-1568-gdd01aac (webtiles) character file.

217 Duffy the Chopper (level 5, -5/42 HPs)
             Began as a Demigod Fighter on Sept 15, 2016.
             Killed by nerve-wracking pain
             ... invoked by Grinder
              (12 damage)
             ... on level 3 of the Dungeon.
             The game lasted 00:02:21 (2456 turns).

Duffy the Chopper (Demigod Fighter)                 Turns: 2456, Time: 00:02:22

Health: -5/42      AC: 13    Str: 21    XL:     5   Next: 35%
Magic:  7/7        EV:  5    Int: 12    God:
Gold:   121        SH:  9    Dex: 15    Spells: 0 memorised, 4 levels left

rFire  . . .     SeeInvis .     a - +0 war axe
rCold  . . .     Gourm    .     r - +0 chain mail
rNeg   . . .     Faith    .     c - +0 shield
rPois  .         Spirit   .     (no helmet)
rElec  .         Dismiss  .     j - +0 cloak
rCorr  .         Reflect  .     (no gloves)
MR     .....     Harm     .     (no boots)
Stlth  ..........               (no amulet)
                                (no ring)
                                l - +3 ring of protection

@: no status effects
A: high mp 1
a: no special abilities


You were on level 3 of the Dungeon.
You were not hungry.

You visited 1 branch of the dungeon, and saw 3 of its levels.

You collected 121 gold pieces.

Inventory:

Hand Weapons
 a - a +0 war axe (weapon)
Armour
 c - a +0 shield (worn)
 j - a +0 cloak (worn)
 r - a +0 chain mail (worn)
Jewellery
 l - a +3 ring of protection (left hand)
Scrolls
 e - 5 scrolls of identify {unknown}
 g - a scroll of teleportation {unknown}
 h - 3 scrolls of noise {unknown}
 m - a scroll of immolation {unknown}
 o - 2 scrolls of enchant weapon {unknown}
Potions
 b - a potion of mutation {unknown}
 d - a potion of might
 k - a potion of flight {unknown}
 q - 2 potions of heal wounds {unknown}
 s - a potion of curing
 t - a potion of brilliance {unknown}
 u - a potion of lignification {unknown}
Comestibles
 f - 2 bread rations
 i - 3 meat rations
 n - a beef jerky
 p - 2 fruits
 v - a slice of pizza
 w - 2 chunks of flesh


   Skills:
 - Level 2.6 Fighting
 + Level 5.4 Axes
 - Level 2.6 Armour
 - Level 2.6 Shields


You had 4 spell levels left.
You didn't know any spells.

Dungeon Overview and Level Annotations

Branches:
Dungeon (3/15)

Annotations:
D:3 Grinder


Innate Abilities, Weirdness & Mutations

You have an increased reservoir of magic. (+10% MP)


Message History

You are too injured to fight recklessly!
You are too injured to fight recklessly!
You are too injured to fight recklessly!
You slash Grinder!
Grinder is severely wounded.
Grinder closely misses you. Grinder gestures at you.
You suddenly lose the ability to move!
Grinder blinks!
Grinder hits you.
You writhe in agony.
Grinder hits you but does no damage. Grinder hits you.
You writhe in agony.
* * * LOW HITPOINT WARNING * * *
Grinder hits you but does no damage.
You can move again.
You hit Grinder but do no damage.
Grinder is severely wounded.
Grinder gestures at you. Pain shoots through your body!
You die...

#### 7 ##..#P77
#.@..PP77 #5...P..7
#.#.#..7.7 #.### 77
#.# #.# ##########
#.#######........##
#.................#
########..........#


You could see Grinder.

Vanquished Creatures
  A bullfrog skeleton (D:3)
  Jessica (D:3)
  Terence (D:3)
  Ijyb (D:3)
  5 adders
  2 oozes (D:2)
  A worm (D:3)
  2 dart slugs
  2 leopard geckos (D:1)
  An orc (D:3)
  2 giant cockroaches (D:2)
  7 goblins
  6 hobgoblins
  6 kobolds
  A quokka (D:3)
  2 ball pythons (D:3)
  7 bats
  2 frilled lizards
  8 rats
58 creatures vanquished.

Notes
Turn   | Place    | Note
-------+----------+-------------------------------------------
     0 | D:1      | Duffy the Demigod Fighter began the quest for the Orb.
     0 | D:1      | Reached XP level 1. HP: 18/18 MP: 3/3
     5 | D:1      | Reached skill level 2 in Axes
   289 | D:1      | Reached XP level 2. HP: 25/25 MP: 4/4
   707 | D:1      | Reached skill level 3 in Axes
   958 | D:2      | Reached XP level 3. HP: 30/30 MP: 5/5
  1384 | D:2      | Found a blossoming altar of Fedhas.
  1461 | D:3      | Noticed Ijyb
  1469 | D:3      | Reached skill level 4 in Axes
  1493 | D:3      | Killed Ijyb
  1493 | D:3      | Reached XP level 4. HP: 20/37 MP: 6/6
  2047 | D:3      | Noticed Terence
  2052 | D:3      | Killed Terence
  2052 | D:3      | Reached skill level 5 in Axes
  2087 | D:3      | Noticed Grinder
  2368 | D:3      | Reached XP level 5. HP: 42/42 MP: 7/7
  2402 | D:3      | Noticed Jessica
  2413 | D:3      | Killed Jessica
  2450 | D:3      | Paralysed by Grinder for 6 turns
  2456 | D:3      | Killed from afar by Grinder

Vault maps used:
D:1:      scummos_arrival_star
D:2:      first_bread, fedhas_altar_4
D:3:      uniq_grinder, uniq_terence, uniq_iyjb, uniq_crazy_yiuf_cottage,
          uniq_jessica

Skill      XL: |  1  2  3  4 |
---------------+-------------+-----
Axes           | 2 3 4 5 |  5.4
Fighting       | |  2.6
Armour         | |  2.6
Shields        | |  2.6

Action                   |  1- 3 |  4- 6 || total
-------------------------+-------+-------++-------
Melee: War axe           |   145 |    78 ||   223
  Eat: Chunk             |     2 |     3 ||     5
Armor: Scale mail        |    50 |       ||    50
       Chain mail        |    22 |    42 ||    64
Dodge: Dodged            |    38 |    21 ||    59
Block: Shield            |    56 |    37 ||    93
